Map: Bridgehead LE (Void)

Players

wabbajack - Winner!

  • Race: Zerg Zerg
  • League: Grandmaster

VOD

Have the link to the VOD?

Description

Time

  • Played on: July 15, 2015, 11:37 p.m.
  • Length: 4:18
Show
View Real Time Build Order
Export as new Build Order

wabbajack Zerg - Winner!

Build Orders: Hatch First 

Get SALT Encoding   

  12  0:04  Drone  
  12  0:14  Overlord  
  12  0:21  Drone  
  12  0:29  Drone, Extractor  
  12  0:52  Hatchery  
  12  0:56  Drone x2  
  12  1:01  Drone  
  12  1:17  Spawning Pool  
  12  1:23  Drone  
  12  1:25  Drone  
  12  1:34  Drone  
  12  1:40  Evolution Chamber  
  12  1:49  Drone  
  12  2:06  Zerg Melee Weapons Level 1  
  12  2:08  Queen  
  12  2:10  Queen  
  12  2:15  Drone  
  12  2:17  Drone  
  12  2:21  Drone  
  12  2:24  Drone  
  12  2:31  Overlord  
  12  2:43  Drone  
  12  2:45  Metabolic Boost  
  12  2:50  Overlord  
  12  2:54  Zergling x2  
  12  2:55  Zergling x4  
  12  3:11  Zergling x4  
  12  3:12  Zergling x2  
  12  3:21  Zergling x14  
  12  3:22  Zergling x2  
  12  3:27  Overlord  
  12  3:29  Overlord  
  12  3:56  Hatchery  
  12  4:01  Drone x3  
Tags
 
Add a new tag
Caveats
  • Supply blocks, unpowered buildings, or Contaminate may cause inaccurate times.
  • Supply counts are checked every 10 seconds.